 Dungeon Crawl Stone Soup version 0.28.0-53-g5a82cb258f (webtiles) character file.

Game seed: 11823216714298514611

267 ZappyNine the Sneak (level 6, -1/37 HPs)
             Began as a Kobold Brigand on May 21, 2022.
             Slain by Blork the orc
             ... wielding a +0 hand axe
              (6 damage)
             ... on level 4 of the Dungeon.
             The game lasted 00:03:45 (2684 turns).

ZappyNine the Sneak (Kobold Brigand)                Turns: 2684, Time: 00:03:46

Health: -1/37      AC:  8    Str:  9 (10) XL:     6   Next: 45%
Magic:  0/6        EV: 15    Int: 11 (12) God:
Gold:   144        SH:  0    Dex: 16 (17) Spells: 5/5 levels left

rFire   . . .      SeeInvis .   g - +2 dagger (venom)
rCold   . . .      Faith    .   (no shield)
rNeg    . . .      Spirit   +   m - +3 leather armour
rPois   .          Reflect  .   (no helmet)
rElec   .          Harm     .   c - +0 cloak
rCorr   .          Rampage  .   (no gloves)
Will    .....                   l - +0 pair of boots
Stlth   +++++.....              h - amulet of guardian spirit
HPRegen 0.12/turn               (no ring)
MPRegen 0.10/turn               (no ring)

@: no status effects
A: small, no large weapons, nightstalker 3
a: no special abilities


You were on level 4 of the Dungeon.
You visited 1 branch of the dungeon, and saw 4 of its levels.

You collected 144 gold pieces.

Inventory:

Hand Weapons
 g - a +2 dagger of venom (weapon)
Missiles
 r - 2 atropa-tipped darts (quivered)
Armour
 c - a +0 cloak (worn)
 l - a +0 pair of boots (worn)
 m - a +3 leather armour (worn)
Jewellery
 h - an amulet of guardian spirit (around neck)
 p - a ring of positive energy
Scrolls
 a - a scroll of noise {unknown}
 b - a scroll of fear {unknown}
 j - 2 scrolls of teleportation {unknown}
 k - a scroll of amnesia {unknown}
 n - a scroll of vulnerability {unknown}
 o - a scroll of blinking {unknown}
 q - a scroll of magic mapping {unknown}


   Skills:
 + Level 3.6 Fighting
 + Level 4.4 Short Blades
 - Level 2.1 Throwing
 + Level 3.3 Dodging
 * Level 7.6 Stealth


You had 5 spell levels left.
You didn't know any spells.
Your spell library was empty.

Dungeon Overview and Level Annotations

Branches:
Dungeon (4/15)
 Temple: D:4-7

Altars:

Annotations:
D:4 Blork the orc


Innate Abilities, Weirdness & Mutations

You are small and have problems with some larger weapons.
You are completely attuned to the shadows.


Message History

Blork the orc is moderately wounded.
Throw: 4 darts (poison)
Press: ? - help, Q - select action, (/) - cycle Shift-Dir - straight line, f/p - Blork the orc
Aim: Blork the orc, wielding a +0 hand axe and wearing a +0 robe (moderately wounded, fast, extremely poisoned, slow, 65% to hit)
You throw a poisoned dart.
The poisoned dart barely misses Blork the orc.
Blork the orc casts a spell at you. The puff of flame hits you.
Throw: 3 darts (poison)
Press: ? - help, Q - select action, (/) - cycle Shift-Dir - straight line, f/p - Blork the orc
Aim: Blork the orc, wielding a +0 hand axe and wearing a +0 robe (heavily wounded, fast, extremely poisoned, slow, 65% to hit)
You throw a poisoned dart. The poisoned dart hits Blork the orc.
Blork the orc looks as sick as possible!
Blork the orc is heavily wounded.
Blork the orc looks angry.
Blork the orc is no longer moving slowly.
Blork the orc points at you and mumbles some strange words.
The puff of frost hits you!
Throw: 2 darts (poison)
Press: ? - help, Q - select action, (/) - cycle Shift-Dir - straight line, f/p - Blork the orc
Aim: Blork the orc, wielding a +0 hand axe and wearing a +0 robe (severely wounded, fast, extremely poisoned, 65% to hit)
You throw a poisoned dart. The poisoned dart hits Blork the orc.
Blork the orc looks as sick as possible!
Blork the orc is severely wounded.
Throw: dart (poison)
Press: ? - help, Q - select action, (/) - cycle Shift-Dir - straight line, f/p - Blork the orc
Aim: Blork the orc, wielding a +0 hand axe and wearing a +0 robe (severely wounded, fast, extremely poisoned, 65% to hit)
You throw a poisoned dart. The poisoned dart hits Blork the orc.
Blork the orc looks as sick as possible!
Blork the orc is severely wounded.
Blork the orc hits you with a +0 hand axe.
* * * LOW HITPOINT WARNING * * *
You hit Blork the orc.
Blork the orc looks as sick as possible!
Blork the orc is almost dead.
Blork the orc hits you with a +0 hand axe.
* * * LOW HITPOINT WARNING * * *
Unknown command.
Blork the orc hits you with a +0 hand axe!
You die...

############### #.............#
#.###########'##
#################.#≈≈≈≈≈≈≈≈≈≈.≈#
(().(.>((..((..o@.#≈.....†....≈#
###################≈†♣♣♣♣♣♣♣♣.≈#
#≈.♣......♣.≈# #≈.♣.♣♣♣♣.♣.≈#
#≈.♣.♣(♣♣.♣.≈# ######
#≈.♣.♣.♣♣.♣.≈# oS...#
#≈.♣.♣....♣.≈# .o...#
#≈.♣.♣♣♣♣♣♣.≈# .o....
#≈.♣........≈#


You could see Blork the orc (fast, extremely poisoned).

Vanquished Creatures
  A hound (D:4)
  A bullfrog skeleton (D:3)
  3 orc wizards
  4 adders (D:2)
  A howler monkey skeleton (D:4)
  3 dart slugs
  7 orcs
  6 bats
  7 endoplasms
  A giant cockroach (D:2)
  6 goblins
  8 hobgoblins
  8 jackals
  A kobold (D:3)
  3 quokkas
  4 ball pythons
  2 frilled lizards
  11 rats
77 creatures vanquished.

Vanquished Creatures (others)
  2 fungi (D:4)
2 creatures vanquished.

Grand Total: 79 creatures vanquished

Notes
Turn   | Place    | Note
-------+----------+-------------------------------------------
     0 | D:1      | ZappyNine the Kobold Brigand began the quest for the Orb.
     0 | D:1      | Reached XP level 1. HP: 12/12 MP: 1/1
   121 | D:1      | Reached XP level 2. HP: 18/18 MP: 2/2
   317 | D:1      | Reached XP level 3. HP: 22/22 MP: 3/3
   611 | D:1      | Reached skill level 6 in Stealth
   800 | D:2      | Reached XP level 4. HP: 25/27 MP: 4/4
   872 | D:2      | Found a faded altar of an unknown god.
   949 | D:2      | Reached XP level 5. HP: 21/32 MP: 2/5
  1791 | D:3      | Reached skill level 7 in Stealth
  2481 | D:4      | Reached XP level 6. HP: 37/37 MP: 6/6
  2628 | D:4      | Noticed Blork the orc
  2684 | D:4      | Slain by Blork the orc

Illustrated notes

Levels and vault maps discovered:
D:1:      dpeg_arrival_ratfight, layout_loops_cross, lemuel_old_faithful
D:2:      layout_loops_ring, ebering_ecumenical_altar_hall
D:3:      layout_loops_cross
D:4:      layout_loops_ring, kennysheep_small_spiral, uniq_menkaure, uniq_pikel,
          uniq_blork_the_orc, uniq_crazy_yiuf_cottage

Skill      XL: |  1  2  3  4  5 |
---------------+----------------+-----
Short Blades   | 3 4 |  4.4
Stealth        | 6 7 |  7.6
Dodging        | 2 3 |  3.3
Fighting       | 3 |  3.6
Throwing       | |  2.1

Action                   |  1- 3 |  4- 6 || total
-------------------------+-------+-------++-------
Melee: Dagger            |    63 |    86 ||   149
Throw: Dart              |       |    21 ||    21
  Use: Potion            |       |     2 ||     2
 Stab: Sleeping          |    21 |    21 ||    42
Armor: Robe              |     5 |     5 ||    10
       Leather armour    |       |     5 ||     5
Dodge: Dodged            |    29 |    35 ||    64
